 Dungeon Crawl Stone Soup version 0.23.2-1-ga50397a (webtiles) character file.

Game seed: 6854928420426435729

288010 diana the Tortoise (level 20, -4/178 HPs)
             Began as a Demonspawn Gladiator on Apr 26, 2019.
             Was the Champion of Okawaru.
             Killed from afar by a starcursed mass (9 damage)
             ... with an accursed screaming
             ... on level 3 of the Abyss.
             The game lasted 01:49:26 (33797 turns).

diana the Tortoise (Demonspawn Gladiator)          Turns: 33797, Time: 01:49:26

Health: -4/178     AC: 41    Str: 25      XL:     20   Next: 23%
Magic:  31/31      EV: 20    Int: 15 (17) God:    Okawaru [******]
Gold:   1013       SH: 33    Dex: 20      Spells: 21/29 levels left

rFire    . . .     SeeInvis .   W - +9 long sword of Exquisite Death {drain, rC+++ MP+9}
rCold    + + +     Gourm    .   S - +18 shield of the Gong {rElec rN+ MR+ EV-5}
rNeg     + . .     Faith    .   N - +13 crystal plate armour of Okawaru's Regard {Str+2}
rPois    .         Spirit   .   (helmet unavailable)
rElec    +         Reflect  .   h - +1 cloak of Starlight {rElec rC+ EV+4 Stlth--}
rCorr    .         Harm     .   c - +2 pair of gloves {Dex+3}
MR       ++...     Rnd*Rage +   t - +2 pair of boots {Fly}
Stlth    ..........             b - amulet of Vitality {Regen+ HP+15}
HPRegen  0.00/turn              B - ring "Zewoist" {Str+3 Int+6 Slay+3 Stlth-}
MPRegen  0.22/turn              O - +5 ring of evasion

@: flying, very slightly contaminated, non-regenerating, mildly diseased,
hasted, very quick
A: hooves 1, horns 3, berserk 1, [deformed body], demonic guardian 3,
deterioration 1, low mp 2, spiny 1, no potion heal 3, subdued magic 2, sturdy
frame 2
}: 1/15 runes: serpentine
a: Heroism, Finesse, Renounce Religion, Stop Flying


You were on level 3 of the Abyss.
You worshipped Okawaru.
Okawaru was exalted by your worship.
You were hungry.

You visited 6 branches of the dungeon, and saw 31 of its levels.
You visited the Abyss 2 times.
You also visited: Sewer, Ice Cave and Volcano.

You collected 4194 gold pieces.
You spent 3181 gold pieces at shops.

Inventory:

Hand Weapons
 p - a +2 demon blade of pain
 U - a +1 demon blade of flaming
 W - the +9 long sword of Exquisite Death (weapon) {drain, rC+++ MP+9}
   (You took it off a deep elf annihilator on level 3 of the Elven Halls)

   A truly terrible weapon, it drains the life of those it strikes.
   It renders you almost immune to cold.
   It affects your magic capacity (+9).
Missiles
 d - 3 throwing nets (quivered)
Armour
 c - a +2 pair of gloves of dexterity (worn)
 h - the +1 cloak of Starlight (worn) {rElec rC+ EV+4 Stlth--}
   (You found it on level 4 of the Lair of Beasts)

   It affects your evasion (+4).
   It protects you from cold.
   It insulates you from electricity.
   It makes you much less stealthy.
 t - a +2 pair of boots of flying (worn)
 N - the +13 crystal plate armour of Okawaru's Regard (worn) {Str+2}
   (Okawaru gifted it to you on level 3 of the Lair of Beasts)

   It affects your strength (+2).
 S - the +18 shield of the Gong (worn) {rElec rN+ MR+ EV-5}
   (You bought it in a shop on level 4 of the Dungeon)

   It affects your evasion (-5).
   It insulates you from electricity.
   It protects you from negative energy.
   It affects your resistance to hostile enchantments.
 Y - the +8 orange crystal plate armour {Archmagi, Int+3 Clar}
   (You took it off a deep elf blademaster on level 3 of the Elven Halls)

   It affects your intelligence (+3).
   It protects you against confusion.
Jewellery
 b - the amulet of Vitality (around neck) {Regen+ HP+15}
   (You bought it in a shop on level 2 of the Elven Halls)

   [amulet of regeneration]

   It affects your health (+15).
   It increases your rate of regeneration.
 u - a +2 amulet of reflection
 B - the ring "Zewoist" (left hand) {Str+3 Int+6 Slay+3 Stlth-}
   (You found it on level 5 of the Dungeon)

   [ring of attention]

   It affects your strength (+3).
   It affects your intelligence (+6).
   It affects your accuracy and damage with ranged weapons and melee attacks
   (+3).
   It makes you less stealthy.
 O - a +5 ring of evasion (right hand)
Wands
 a - a wand of iceblast (38)
 F - a wand of paralysis (4)
 L - a wand of acid (46)
 Q - a wand of random effects (10)
 Z - a wand of flame (33)
Scrolls
 e - a scroll of summoning
 i - 11 scrolls of remove curse
 j - 3 scrolls of silence
 l - 5 scrolls of fear
 m - 8 scrolls of enchant armour
 o - 5 scrolls of enchant weapon
 s - 15 scrolls of teleportation
 v - 7 scrolls of magic mapping
 y - 9 scrolls of fog
 z - a scroll of holy word
 C - 3 scrolls of blinking
 J - a scroll of brand weapon
 T - 12 scrolls of identify
 V - 3 scrolls of acquirement
Potions
 g - 7 potions of heal wounds
 k - 7 potions of flight
 n - 12 potions of curing
 q - a potion of cancellation
 w - 3 potions of agility
 A - 5 potions of brilliance
 D - 7 potions of resistance
 E - 6 potions of might
 G - a potion of magic
 H - a potion of ambrosia
 I - a potion of invisibility
Miscellaneous
 P - 3 boxes of beasts
Comestibles
 f - 54 rations
 r - a chunk of flesh


   Skills:
 + Level 15.4 Fighting
 - Level 14.0 Long Blades
 - Level 1.7 Throwing
 + Level 17.9 Armour
 + Level 13.1 Dodging
 - Level 16.0 Shields
 - Level 5.2 Spellcasting
 - Level 7.0 Necromancy
 - Level 8.0 Invocations
 - Level 2.0 Evocations


You had 21 spell levels left.
You knew the following spells:

 Your Spells              Type           Power        Failure   Level  Hunger
a - Regeneration          Chrm/Necr      #.........   54%         3    ###....
b - Song of Slaying       Chrm           #.......     82%         2    ##.....
c - Tukima's Dance        Hex            #.......     96%         3    ###....

Your spell library contained the following spells:

 Spells                   Type           Power        Failure   Level  Hunger
 Animate Skeleton         Necr           N/A          3%          1    None
 Sublimation of Blood     Necr           ###.......   6%          2    ##.....
 Apportation              Tloc           #.....       67%         1    None
 Beastly Appendage        Tmut           #.....       67%         1    None
 Confusing Touch          Hex            #.....       67%         1    None
 Corona                   Hex            #......      67%         1    None
 Flame Tongue             Conj/Fire      #....        67%         1    None
 Infusion                 Chrm           #...         67%         1    None
 Magic Dart               Conj           #...         67%         1    None
 Summon Butterflies       Summ           #.......     67%         1    None
 Summon Small Mammal      Summ           #...         67%         1    None
 Call Imp                 Summ           #.......     82%         2    ##.....
 Ensorcelled Hibernation  Hex/Ice        #.....       82%         2    ##.....
 Poisonous Vapours        Pois/Air       #.....       82%         2    ##.....
 Searing Ray              Conj           #.....       82%         2    ##.....
 Shroud of Golubria       Chrm/Tloc      #.........   82%         2    ##.....
 Slow                     Hex            #.......     82%         2    ##.....
 Sticks to Snakes         Tmut           #.......     82%         2    ##.....
 Throw Flame              Conj/Fire      #.....       82%         2    ##.....
 Confuse                  Hex            #.......     96%         3    ###....
 Conjure Flame            Conj/Fire      #.......     96%         3    ###....
 Dazzling Spray           Conj/Hex       #.....       96%         3    ###....
 Ignite Poison            Fire/Tmut/Pois #.......     96%         3    ###....
 Inner Flame              Hex/Fire       #.......     96%         3    ###....
 Lesser Beckoning         Tloc           #.........   96%         3    ###....
 Mephitic Cloud           Conj/Pois/Air  #.......     96%         3    ###....
 Portal Projectile        Hex/Tloc       #.....       96%         3    ###....
 Spectral Weapon          Hex/Chrm       #.......     96%         3    ###....
 Spider Form              Tmut/Pois      #.........   96%         3    ###....
 Stone Arrow              Conj/Erth      #.....       96%         3    ###....
 Cause Fear               Hex            #.........   100%        4    ####...
 Force Lance              Conj/Tloc      #.......     100%        4    ####...
 Fulminant Prism          Conj/Hex       #.........   100%        4    ####...
 Ice Form                 Ice/Tmut       #.......     100%        4    ####...
 Iskenderun's Mystic Bla  Conj           #.......     100%        4    ####...
 Leda's Liquefaction      Hex/Erth       #.........   100%        4    ####...
 Petrify                  Tmut/Erth      #.......     100%        4    ####...
 Sticky Flame             Conj/Fire      #.......     100%        4    ####...
 Alistair's Intoxication  Tmut/Pois      #.......     100%        5    ######.
 Blade Hands              Tmut           #.........   100%        5    ######.
 Bolt of Magma            Conj/Fire/Erth #.........   100%        5    ######.
 Fireball                 Conj/Fire      #.........   100%        5    ######.
 Irradiate                Conj/Tmut      #.........   100%        5    ######.
 Iskenderun's Battlesphe  Conj/Chrm      #.......     100%        5    ######.
 Metabolic Englaciation   Hex/Ice        #.........   100%        5    ######.
 Silence                  Hex/Air        #.........   100%        5    ######.
 Venom Bolt               Conj/Pois      #.........   100%        5    ######.
 Yara's Violent Unravell  Hex/Tmut       #.........   100%        5    ######.
 Bolt of Cold             Conj/Ice       #.........   100%        6    #######
 Deflect Missiles         Chrm/Air       #.........   100%        6    #######
 Freezing Cloud           Conj/Ice/Air   #.........   100%        6    #######
 Invisibility             Hex            #.......     100%        6    #######
 Iron Shot                Conj/Erth      #.........   100%        6    #######
 Ozocubu's Refrigeration  Ice            #.........   100%        6    #######
 Simulacrum               Ice/Necr       #.........   100%        6    #######
 Orb of Destruction       Conj           #.........   100%        7    #######
 Ring of Flames           Chrm/Fire      #.........   100%        7    #######
 Spellforged Servitor     Conj/Summ      #.........   100%        7    #######
 Discord                  Hex            #.........   100%        8    #######


Dungeon Overview and Level Annotations

Branches:
Dungeon (15/15)            Temple (0/1) D:7            Lair (6/6) D:9
  Swamp (0/4) Lair:3        Snake (4/4) Lair:2        Slime (0/5) Lair:6
    Orc (2/2) D:12            Elf (3/3) Orc:2        Vaults (0/5) D:13
 Depths (1/5) D:15

Altars:
Dithmenos
Elyvilon
Fedhas
Hepliaklqana
Kikubaaqudgha
Makhleb
Okawaru
Qazlal
Ru
Sif Muna
Vehumet
Wu Jian
The Shining One

Shops:
D:4 =}*[   D:12 [   Orc:2 %??}[   Elf:1 ?   Elf:2 =

Portals:
Hell: Depths:1
Abyss: Depths:1
Pandemonium: Orc:2

Annotations:
Depths:1 1 runed translucent door


Innate Abilities, Weirdness & Mutations

You have a pair of large horns on your head.
A powerful demonic guardian rushes to your aid.
You are partially covered in sharp spines.
Your movements are less encumbered by armour. (ER -4)
You have large cloven feet.
You tend to lose your temper in combat.
Your body sometimes deteriorates upon taking damage.
Your magical capacity is very low. (-20% MP)
Potions cannot restore your health.
Your spells are easier to cast, but less powerful.
[Armour fits poorly on your strangely shaped body.]


Message History

Unknown command.
You slice the wretched star!! You headbutt the wretched star.
The wretched star is heavily damaged.
Your Executioner hits the wretched star but does no damage. x2
Your Executioner hits the wretched star.
The wretched star pulses with an eldritch light!
Your body twists and deforms.
Your Executioner twists and deforms.
You slash the wretched star!
The wretched star is almost destroyed.
Your Executioner completely misses the wretched star.
Your Executioner closely misses the wretched star. x2
Unknown command.
Okay, then.
You slash the wretched star!
The wretched star is almost destroyed.
Your Executioner misses the wretched star.
Your Executioner barely misses the wretched star. x2
A chorus of shrieks assaults your mind.
You die...

...#.#....##
φ ....
.....# ..
#.....#X..
.#..X%.#X.#
.........+ .
#... ...#
#..##X##..#
#....X.@*.#
#......1..#
###########


You could see 3 starcursed masses, a tentacled starspawn, a wretched star and a
friendly Executioner.

Vanquished Creatures
  Saint Roka (Depths:1)
  A profane servitor (Abyss:2)
  A bone dragon (Abyss:1)
  A lich (Abyss:1)
  Rupert (Lair:4)
  Jorgrun (Orc:2)
  2 deep elf blademasters (Elf:3)
  2 deep elf master archers (Elf:3)
  Agnes (D:14)
  4 tentacled starspawn
  2 fire giants (Depths:1)
  4 nagarajas
  4 deep elf sorcerers
  A frost giant (Depths:1)
  2 cacodemons
  7 deep elf elementalists
  Aizul (Snake:3)
  2 stone giants (Depths:1)
  The ghost of slayr the Eclecticist, a journeyman DESu of Sif Muna (Snake:2)
  10 very ugly things
  5 deep elf annihilators (Elf:3)
  5 deep elf demonologists (Elf:3)
  Nessos (Orc:2)
  An eidolon (Abyss:2)
  The ghost of teukkam the Blocker, a journeyman MiFi of Wu Jian (Lair:4)
  3 ettins
  2 deep elf death magi (Elf:3)
  3 jiangshi (Depths:1)
  A green death (Abyss:2)
  A yaktaur captain (Depths:1)
  2 deep elf high priests (Elf:3)
  A fire dragon (Depths:1)
  3 ogre magi
  3 rakshasas
  7 hydras
  Fannar (Lair:3)
  9 naga warriors
  2 vault guards (D:13)
  An ice dragon (Depths:1)
  A merfolk avatar (Lair:6)
  5 centaur warriors
  14 two-headed ogres
  14 dancing weapons
  A death knight (D:11)
  4 tengu warriors
  13 anacondas
  6 thrashing horrors (Abyss:2)
  A hell hog (Abyss:2)
  8 shock serpents
  A vampire mage (Depths:1)
  5 orc high priests
  Urug (Orc:2)
  14 naga sharpshooters
  10 deep elf knights
  3 sun demons
  4 salamander mystics
  3 wretched stars
  A death drake (shapeshifter) (Abyss:1)
  An unseen horror (shapeshifter) (D:15)
  3 unseen horrors
  2 sea snakes
  4 sixfirhies
  A spatial maelstrom (Abyss:2)
  A deep troll (D:15)
  2 wizards (D:13)
  9 deep elf archers
  A gelid demonspawn (Orc:2)
  6 naga ritualists
  An infernal demonspawn (Orc:2)
  An orb spider (Abyss:2)
  13 large abominations
  2 necromancers
  3 lindwurms (Snake:4)
  A harpy (shapeshifter) (Elf:2)
  4 orc knights (Orc:2)
  14 mana vipers
  A fire giant zombie (Abyss:1)
  A manticore (shapeshifter) (Elf:1)
  48 deep elf magi
  10 salamanders
  2 cyclopes
  10 orc sorcerers
  8 elephants (Lair:6)
  8 ugly things
  2 moths of wrath (Lair:4)
  A centaur zombie (D:15)
  4 worldbinders
  4 manticores
  4 smoke demons
  4 guardian serpents
  35 black mambas
  An apocalypse crab (Abyss:2)
  Psyche (D:8)
  2 ice statues (IceCv)
  A torpor snail (Lair:3)
  28 naga magi
  2 kobold demonologists
  7 spiny frogs
  A spiny frog (shapeshifter) (Elf:1)
  2 orange demons (Abyss:2)
  3 centaur skeletons
  A hellion (Abyss:2)
  6 komodo dragons
  3 rime drakes (Lair:6)
  An ice devil (Orc:2)
  6 yaktaurs
  3 efreet
  2 red devils
  2 hellwings (Orc:2)
  6 ancient zymes
  3 trolls
  A wind drake (Lair:6)
  Prince Ribbit (D:7)
  2 polar bears (Lair:6)
  7 slime creatures
  2 hornets
  5 hippogriffs
  A tyrant leech (shapeshifter) (Elf:1)
  A harpy skeleton (Abyss:2)
  5 blink frogs
  A bog body (Lair:3)
  8 raiju
  3 air elementals
  7 starcursed masses
  10 wyverns
  A yak (shapeshifter) (D:15)
  A wraith (D:15)
  4 fire bats (Volcano)
  A vampire (D:14)
  14 humans (D:13)
  A tarantella (shapeshifter) (D:15)
  4 ynoxinuls
  2 shadows
  26 yaks
  3 fire elementals
  4 water elementals
  3 basilisks
  A steam dragon (Volcano)
  4 hungry ghosts
  6 neqoxecs
  2 vampire mosquitoes (D:14)
  28 nagas
  A warg (Orc:1)
  A gelid demonspawn zombie (Abyss:2)
  An acid dragon (D:15)
  12 small abominations
  A soldier ant (D:12)
  7 porcupines
  13 water moccasins
  39 orc warriors
  2 eyes of draining
  14 ice beasts
  3 sky beasts
  14 ogres
  A black bear (D:8)
  19 centaurs
  A phantom (D:8)
  3 wolves (Lair:1)
  5 boggarts (D:14)
  13 crocodiles
  5 big kobolds
  23 bullfrogs
  5 earth elementals
  4 scorpions
  A troll zombie (Abyss:1)
  10 killer bees
  10 wights
  A howler monkey (D:4)
  2 electric eels
  9 crimson imps
  A lava snake (D:9)
  2 bullfrog zombies
  5 hounds
  3 quasits
  9 jellies
  20 orc priests
  Crazy Yiuf (D:4)
  16 orc wizards
  3 iguanas
  3 bullfrog skeletons
  A human skeleton (Abyss:1)
  9 worker ants
  3 yak simulacra (Lair:6)
  A polar bear simulacrum (Lair:6)
  3 wolf simulacra (Lair:6)
  A worker ant zombie (D:5)
  3 gnolls (Orc:2)
  4 river rats (Sewer)
  16 adders
  7 shadow imps
  2 white imps
  An ufetubus (Abyss:2)
  5 oozes
  6 worms
  A dart slug (D:2)
  6 leopard geckos
  98 orcs
  6 bats
  7 giant cockroaches
  6 goblins
  7 hobgoblins
  11 jackals
  5 quokkas
  11 ball pythons
  9 frilled lizards
  A jackal skeleton (D:4)
  8 kobolds
  25 rats
  4 river rat simulacra (Lair:6)
  A fungus (Lair:6)
  5 starspawn tentacles (Abyss:1)
1217 creatures vanquished.

Vanquished Creatures (collateral kills)
  Vashnia (Snake:3)
  3 tentacled starspawn
  2 nagarajas (Snake:4)
  A balrug (Abyss:2)
  A draconian annihilator (Abyss:1)
  4 very ugly things
  A deep elf annihilator (Elf:3)
  A deep elf demonologist (Elf:1)
  Snorg (Lair:4)
  A blizzard demon (Abyss:2)
  A fire dragon (Volcano)
  2 deep elf death magi (Elf:3)
  A great orb of eyes (Depths:1)
  An ettin (Depths:1)
  A green death (Abyss:1)
  A hydra (Lair:4)
  2 naga warriors (Snake:2)
  4 two-headed ogres
  An anaconda (Snake:2)
  Erica (D:8)
  3 hell hogs (Abyss:2)
  A death yak (D:9)
  2 dancing weapons
  2 naga sharpshooters
  Sonja (Lair:3)
  2 shock serpents
  A flayed ghost (Depths:1)
  A naga ritualist (Snake:2)
  2 salamander mystics
  5 deep elf archers
  A lindwurm (Snake:4)
  A mana viper (Snake:2)
  5 ugly things
  A large abomination (Abyss:1)
  2 worldbinders (Abyss:2)
  3 deep elf magi (Elf:1)
  An elephant (Lair:6)
  5 salamanders
  5 black mambas
  2 rime drakes
  3 spiny frogs
  A komodo dragon (Lair:6)
  A freezing wraith (Abyss:1)
  4 yaktaurs
  2 ancient zymes (Abyss:2)
  2 trolls
  A red devil (Abyss:2)
  A tengu conjurer (Depths:1)
  A raiju (Abyss:1)
  2 blink frogs
  A slime creature (D:15)
  2 hippogriffs
  A ynoxinul (Abyss:1)
  A fire elemental (Elf:1)
  6 yaks
  4 wyverns
  A fire bat (Volcano)
  4 humans (D:13)
  A chaos spawn (Orc:2)
  2 neqoxecs (Abyss:1)
  Menkaure (D:7)
  2 water moccasins
  10 nagas
  2 porcupines
  4 orc warriors
  A sky beast (D:6)
  A black bear (Lair:3)
  3 starcursed masses (Abyss:2)
  An eye of draining (D:14)
  2 ogres
  5 ice beasts
  2 centaurs
  2 wolves (Lair:1)
  A crocodile (D:9)
  A crocodile (shapeshifter) (Depths:1)
  A big kobold (D:12)
  A bullfrog (Sewer)
  3 small abominations
  2 scorpions
  An electric eel (Snake:1)
  A crimson imp (Abyss:2)
  2 quasits
  A bullfrog skeleton (D:5)
  2 orc priests
  An orc wizard (D:3)
  An adder (Lair:2)
  7 orcs
  A ball python (Sewer)
  A giant cockroach (D:3)
  2 kobolds (D:12)
  A frilled lizard (Sewer)
  2 starspawn tentacles
186 creatures vanquished.

Vanquished Creatures (others)
  A vampire mage (Depths:1)
  A spiny frog (Lair:6)
  A naga (Snake:4)
  An orc warrior (Orc:2)
  4 orcs
  A kobold (D:3)
  A frilled lizard (D:3)
  10 fungi
  2 lurking horrors (Abyss:2)
  12 plants
  13 starspawn tentacles
47 creatures vanquished.

Grand Total: 1450 creatures vanquished

Notes
Turn   | Place    | Note
-------+----------+-------------------------------------------
     0 | D:1      | diana the Demonspawn Gladiator began the quest for the Orb.
     0 | D:1      | Reached XP level 1. HP: 16/16 MP: 1/1
   164 | D:1      | Gained mutation: You are partially covered in sharp spines.
                  | [demonic ancestry]
   164 | D:1      | Reached XP level 2. HP: 21/22 MP: 2/2
   319 | D:2      | Reached skill level 1 in Armour
   453 | D:2      | Reached XP level 3. HP: 28/28 MP: 3/3
   804 | D:2      | Gained mutation: A weak demonic guardian rushes to your
                  | aid. [demonic ancestry]
   804 | D:2      | Reached XP level 4. HP: 30/34 MP: 4/4
  1094 | D:3      | Found a radiant altar of Vehumet.
  1129 | D:3      | Gained mutation: You have a pair of small horns on your
                  | head. [demonic ancestry]
  1129 | D:3      | Reached XP level 5. HP: 41/41 MP: 5/5
  1183 | D:3      | Reached skill level 2 in Armour
  1351 | D:2      | Found a glowing golden altar of the Shining One.
  1783 | D:4      | Found Wororaev's Armour Emporium.
  1839 | D:4      | Found an iron altar of Okawaru.
  1842 | D:4      | Became a worshipper of Warmaster Okawaru
  1976 | D:4      | Gained mutation: A demonic guardian rushes to your aid.
                  | [demonic ancestry]
  1976 | D:4      | Reached XP level 6. HP: 46/47 MP: 6/6
  2061 | D:4      | Found Koumumab's Jewellery Boutique.
  2177 | D:4      | Found Kyvunext's Gadget Boutique.
  2212 | D:4      | Found Feamp's General Store.
  2217 | D:4      | Bought a scroll of magic mapping for 35 gold pieces
  2381 | D:4      | Found a runed translucent door.
  2382 | D:4      | Noticed Crazy Yiuf
  2550 | D:4      | Found a sacrificial altar of Ru.
  2850 | D:5      | Entered Level 5 of the Dungeon
  2862 | D:5      | Got a heavily runed turquoise ring
  2864 | D:5      | Identified the ring "Zewoist" {Str+3 Int+6 Slay+3 Stlth-}
                  | (You found it on level 5 of the Dungeon)
  2885 | D:5      | Noticed an ice beast
  2896 | D:5      | Killed an ice beast
  2896 | D:5      | Reached skill level 3 in Armour
  2911 | D:5      | Reached XP level 7. HP: 54/54 MP: 7/7
  2912 | D:5      | Found a white marble altar of Elyvilon.
  3038 | D:5      | Reached * piety under Okawaru
  3039 | D:5      | Found a glowing drain.
  3049 | Sewer    | Entered a sewer
  3664 | D:6      | Reached skill level 5 in Long Blades
  3664 | D:6      | Reached skill level 5 in Dodging
  3674 | D:6      | Reached ** piety under Okawaru
  3674 | D:6      | Reached skill level 5 in Fighting
  3674 | D:6      | Reached skill level 4 in Armour
  3674 | D:6      | Gained mutation: Your movements are slightly less
                  | encumbered by armour. (ER -2) [demonic ancestry]
  3674 | D:6      | Reached XP level 8. HP: 62/62 MP: 8/8
  4167 | D:6      | Reached skill level 5 in Armour
  4399 | D:6      | Reached skill level 1 in Invocations
  4460 | D:7      | Noticed Prince Ribbit
  4466 | D:7      | Killed Prince Ribbit
  4470 | D:7      | Noticed a two-headed ogre
  4487 | D:7      | Killed a two-headed ogre
  4487 | D:7      | Reached *** piety under Okawaru
  4487 | D:7      | Reached skill level 5 in Invocations
  4534 | D:7      | Found a blossoming altar of Fedhas.
  4536 | D:7      | Found a shadowy altar of Dithmenos.
  4578 | D:7      | Found a staircase to the Ecumenical Temple.
  4656 | D:7      | Reached XP level 9. HP: 68/68 MP: 13/13
  4660 | D:7      | Reached skill level 1 in Shields
  4686 | D:7      | Noticed Menkaure
  4705 | D:7      | Killed Menkaure
  5013 | D:7      | You fall through a shaft for 2 floors!
  5095 | D:8      | Reached **** piety under Okawaru
  5241 | D:8      | HP: 3/68 [acid (12)]
  5551 | D:8      | Found an ancient bone altar of Kikubaaqudgha.
  5969 | D:7      | Found a deep blue altar of Sif Muna.
  5969 | D:7      | Found a hazy altar of Hepliaklqana.
  5970 | D:7      | Found a stormy altar of Qazlal.
  6131 | D:7      | Found a shadowy altar of Dithmenos.
  6265 | D:4      | Bought a +2 ring of slaying for 210 gold pieces
  6601 | D:8      | Noticed Erica
  6616 | D:8      | Killed Erica
  6616 | D:8      | Reached ***** piety under Okawaru
  6616 | D:8      | Received a gift from Okawaru
  6616 | D:8      | Reached XP level 10. HP: 50/74 MP: 14/14
  6865 | D:8      | Noticed Psyche
  6871 | D:8      | Paralysed by Psyche for 4 turns
  6873 | D:8      | Killed Psyche
  7248 | D:8      | Found a glowing golden altar of the Shining One.
  7592 | D:9      | Found a staircase to the Lair.
  7592 | D:9      | Noticed a death yak
  7608 | D:9      | Killed a death yak
  7608 | D:9      | Reached skill level 6 in Armour
  8153 | D:10     | Entered Level 10 of the Dungeon
  9053 | D:11     | Noticed a death knight
  9185 | Lair:1   | Entered Level 1 of the Lair of Beasts
  9218 | Lair:1   | Reached XP level 11. HP: 80/83 MP: 15/15
  9235 | Lair:1   | Reached skill level 10 in Long Blades
  9426 | Lair:1   | Reached skill level 7 in Armour
  9428 | Lair:1   | Received a gift from Okawaru
  9820 | Lair:2   | Found a staircase to the Snake Pit.
  9829 | Lair:2   | Received a gift from Okawaru
 10761 | Lair:3   | Received a gift from Okawaru
 10761 | Lair:3   | Reached skill level 8 in Armour
 10766 | Lair:3   | Got a crude glaive {god gift}
 11201 | Lair:3   | Found a staircase to the Swamp.
 11379 | Lair:3   | Found an ornate altar of the Wu Jian Council.
 11462 | Lair:3   | Reached XP level 12. HP: 82/92 MP: 16/16
 11486 | Lair:3   | Noticed Fannar
 11504 | Lair:3   | Killed Fannar
 11564 | Lair:3   | Noticed Sonja
 11927 | Lair:3   | Killed Sonja
 11927 | Lair:3   | Reached ****** piety under Okawaru
 11927 | Lair:3   | Received a gift from Okawaru
 11928 | Lair:3   | Got a transparent crystal plate armour {god gift}
 11939 | Lair:3   | Identified the +13 crystal plate armour of Okawaru's Regard
                  | {Str+2} (Okawaru gifted it to you on level 3 of the Lair of
                  | Beasts)
 12031 | Lair:3   | Found a runed translucent door.
 12165 | Lair:3   | Noticed a six-headed hydra
 12177 | Lair:3   | Killed a two-headed hydra
 12289 | Lair:4   | Reached skill level 9 in Armour
 12303 | Lair:4   | Found a transporter.
 12307 | Lair:4   | Noticed teukkam's ghost (journeyman MiFi)
 12307 | Lair:4   | Noticed a four-headed hydra
 12308 | Lair:4   | Found the +1 cloak of Starlight {rElec rC+ EV+4 Stlth--}
 12310 | Lair:4   | Noticed a four-headed hydra
 12471 | Lair:4   | Noticed Rupert
 12484 | Lair:4   | Killed Rupert
 12484 | Lair:4   | Reached skill level 10 in Armour
 12530 | Lair:4   | Noticed Snorg
 12534 | Lair:4   | Killed Snorg
 12714 | Lair:4   | Found a transporter.
 13151 | Lair:5   | Noticed an eight-headed hydra
 13161 | Lair:5   | Killed a five-headed hydra
 13161 | Lair:5   | Reached skill level 11 in Armour
 13175 | Lair:5   | Found a burning altar of Makhleb.
 13182 | Lair:5   | Found a frozen archway.
 13211 | Lair:5   | Found a dark tunnel.
 13220 | Volcano  | Entered a volcano
 13221 | Volcano  | Noticed a two-headed ogre
 13227 | Volcano  | Reached skill level 12 in Armour
 13231 | Volcano  | Killed a two-headed ogre
 13251 | Volcano  | Noticed a two-headed ogre
 13263 | Volcano  | Killed a two-headed ogre
 13290 | Volcano  | Noticed a two-headed ogre
 13297 | Volcano  | Reached skill level 13 in Armour
 13302 | Volcano  | Gained mutation: You have a pair of horns on your head.
                  | [demonic ancestry]
 13302 | Volcano  | Reached XP level 13. HP: 84/98 MP: 13/19
 13305 | Volcano  | Received a gift from Okawaru
 13362 | Volcano  | Reached skill level 14 in Armour
 13396 | Volcano  | Noticed a fire dragon
 13402 | Volcano  | Killed a fire dragon
 13466 | IceCv    | Entered an ice cave
 13467 | IceCv    | Found a transporter.
 13497 | IceCv    | Found a transporter.
 13996 | Lair:6   | Entered Level 6 of the Lair of Beasts
 14336 | D:11     | Reached skill level 15 in Armour
 14531 | D:12     | Found a staircase to the Orcish Mines.
 14669 | D:12     | Found Qisoer's Antique Armour Boutique.
 14733 | D:12     | Received a gift from Okawaru
 15420 | D:13     | Cast into level 2 of the Abyss (a wizard)
 15486 | Abyss:2  | Received a gift from Okawaru
 15583 | Abyss:2  | Received a gift from Okawaru
 15629 | Abyss:2  | Noticed a profane servitor
 15630 | Abyss:2  | Gained mutation: You are frail. (-10% HP) [a neqoxec]
 15653 | Abyss:2  | Killed a profane servitor
 15653 | Abyss:2  | Received a gift from Okawaru
 15653 | Abyss:2  | Reached XP level 14. HP: 51/94 MP: 13/20
 15654 | Abyss:2  | Got a scorched demon trident {god gift}
 15818 | Abyss:2  | Noticed a cacodemon
 15831 | Abyss:2  | Noticed a tentacled starspawn
 15838 | Abyss:2  | Killed a tentacled starspawn
 15838 | Abyss:2  | Received a gift from Okawaru
 15842 | D:13     | Escaped the Abyss
 16175 | D:13     | Found a gate to the Vaults.
 16451 | D:14     | Found an ancient bone altar of Kikubaaqudgha.
 16635 | D:14     | Reached skill level 10 in Dodging
 16938 | Lair:6   | Reached skill level 10 in Fighting
 17017 | Lair:6   | Found a staircase to the Slime Pits.
 17026 | Lair:6   | Received a gift from Okawaru
 17074 | Lair:6   | Received a gift from Okawaru
 17275 | Lair:6   | Gained mutation: You have a pair of large horns on your
                  | head. [demonic ancestry]
 17275 | Lair:6   | Reached XP level 15. HP: 98/107 MP: 21/21
 18045 | Orc:1    | Entered Level 1 of the Orcish Mines
 18294 | Orc:2    | Entered Level 2 of the Orcish Mines
 18294 | Orc:2    | Noticed Urug
 18305 | Orc:2    | Killed Urug
 18325 | Orc:2    | Noticed Nessos
 18344 | Orc:2    | Killed Nessos
 18363 | Orc:2    | Noticed Jorgrun
 18384 | Orc:2    | Killed Jorgrun
 18384 | Orc:2    | Received a gift from Okawaru
 18538 | Orc:2    | Found Couteol's Food Shop.
 18692 | Orc:2    | Found a staircase to the Elven Halls.
 18735 | Orc:2    | Found Giuwag's Magic Scroll Shoppe.
 18738 | Orc:2    | Found Gubronang's Magic Scroll Emporium.
 19158 | Orc:2    | Bought a scroll of blinking for 105 gold pieces
 19158 | Orc:2    | Bought a scroll of identify for 28 gold pieces
 19297 | Orc:2    | Found Guhapn's Gadget Shop.
 19297 | Orc:2    | Found a one-way gate leading to the halls of Pandemonium.
 19297 | Orc:2    | Found Ufureig's Antique Armour Boutique.
 19304 | Orc:2    | Bought a pair of glowing boots for 217 gold pieces
 19914 | D:4      | Killed Crazy Yiuf
 20177 | Lair:4   | Killed teukkam's ghost
 20551 | D:14     | Got a steaming iron ring
 20558 | D:14     | Received a gift from Okawaru
 20593 | D:14     | Noticed Agnes
 20709 | D:14     | Killed Agnes
 20905 | D:14     | Reached skill level 5 in Shields
 21290 | D:15     | Entered Level 15 of the Dungeon
 21316 | D:15     | Found a staircase to the Depths.
 21507 | D:15     | Reached XP level 16. HP: 118/119 MP: 22/22
 21521 | D:15     | Learned a level 3 spell: Regeneration
 21524 | D:15     | Learned a level 2 spell: Song of Slaying
 21528 | D:15     | Learned a level 3 spell: Tukima's Dance
 21930 | D:15     | Reached skill level 1 in Spellcasting
 22210 | D:4      | Bought the +18 shield of the Gong {rElec rN+ MR+ EV-5} for
                  | 1264 gold pieces
 22210 | D:4      | Found the +18 shield of the Gong {rElec rN+ MR+ EV-5}
 22225 | D:4      | Identified the ring of Vehumet's Indignation {Wiz rPois
                  | MR+} (You found it on level 14 of the Dungeon)
 22470 | Elf:1    | Entered Level 1 of the Elven Halls
 22490 | Elf:1    | Received a gift from Okawaru
 22604 | Elf:1    | Reached skill level 16 in Armour
 22682 | Elf:1    | Found Podd's Magic Scroll Shop.
 22696 | Elf:1    | Bought 3 scrolls of identify for 72 gold pieces
 22696 | Elf:1    | Bought a scroll of teleportation for 36 gold pieces
 22696 | Elf:1    | Bought a scroll of teleportation for 36 gold pieces
 22696 | Elf:1    | Bought a scroll of identify for 24 gold pieces
 22696 | Elf:1    | Bought a scroll of identify for 24 gold pieces
 22696 | Elf:1    | Bought a scroll of identify for 24 gold pieces
 22780 | Elf:1    | Reached skill level 1 in Necromancy
 22785 | Elf:1    | Received a gift from Okawaru
 22800 | Elf:1    | Got a brightly glowing long sword {god gift}
 22801 | Elf:1    | Identified the +3 long sword "Kimeg" {slice, +Inv MR+
                  | Str-4} (Okawaru gifted it to you on level 1 of the Elven
                  | Halls)
 22827 | Elf:1    | Identified Aghiumuosu's Grimoire of Confrontation and
                  | Summoning
 23766 | Elf:2    | Received a gift from Okawaru
 23964 | Elf:2    | Found a deep blue altar of Sif Muna.
 23975 | Elf:2    | Found Guaduv's Jewellery Shoppe.
 24473 | Elf:3    | Entered Level 3 of the Elven Halls
 24527 | Elf:3    | Reached skill level 5 in Spellcasting
 24739 | Elf:3    | Identified the ring "Yxtynon" {Ice Int+4 SInv}
 24739 | Elf:3    | Noticed a deep elf blademaster
 24749 | Elf:3    | Killed a deep elf blademaster
 24749 | Elf:3    | Reached XP level 17. HP: 103/125 MP: 21/24
 24773 | Elf:3    | Noticed a deep elf blademaster
 24774 | Elf:3    | Received a gift from Okawaru
 24774 | Elf:3    | Reached skill level 5 in Necromancy
 24778 | Elf:3    | Noticed a deep elf master archer
 24778 | Elf:3    | Identified the +9 long sword of Exquisite Death {drain,
                  | rC+++ MP+9}
 24779 | Elf:3    | Identified 3 scrolls of acquirement
 24786 | Elf:3    | Noticed a deep elf master archer
 24970 | Elf:3    | Killed a deep elf master archer
 24972 | Elf:3    | Identified the +9 morningstar of Fate {antimagic, +Fly}
 24972 | Elf:3    | Identified the amulet of Kecvyef {rElec Regen+}
 25119 | Elf:3    | Identified the +7 dagger "Huiffeso" {pain, rF+ rC+ Int-5
                  | Stlth+}
 25142 | Elf:3    | Killed a deep elf blademaster
 25169 | Elf:3    | Killed a ghostly deep elf blademaster
 25170 | Elf:3    | Received a gift from Okawaru
 25377 | Elf:3    | Killed a deep elf master archer
 25381 | Elf:3    | Noticed a Hell Sentinel
 25599 | Elf:3    | Reached skill level 17 in Armour
 25665 | Elf:3    | Noticed a Brimstone Fiend
 26536 | Orc:2    | Paralysed by fainting for 6 turns
 26606 | Elf:2    | Bought the amulet of Vitality {Regen+ HP+15} for 1106 gold
                  | pieces
 26606 | Elf:2    | Found the amulet of Vitality {Regen+ HP+15}
 26872 | Snake:1  | Entered Level 1 of the Snake Pit
 26918 | Snake:1  | Reached skill level 1 in Evocations
 27013 | Snake:1  | Received a gift from Okawaru
 27486 | Snake:1  | Reached skill level 10 in Shields
 27559 | Snake:1  | Identified the cursed +0 chain mail "Onyss" {rF+ Slay+5}
                  | (You found it on level 1 of the Snake Pit)
 28055 | Snake:2  | Reached XP level 18. HP: 131/131 MP: 25/25
 28103 | Snake:2  | Lost mutation: You are frail. (-10% HP) [potion of
                  | mutation]
 28103 | Snake:2  | Gained mutation: You are agile. (Dex +2) [potion of
                  | mutation]
 28103 | Snake:2  | Gained mutation: You are dopey. (Int -2) [potion of
                  | mutation]
 28103 | Snake:2  | Gained mutation: You tend to lose your temper in combat.
                  | [potion of mutation]
 28103 | Snake:2  | Gained mutation: You have large cloven feet. [potion of
                  | mutation]
 28271 | Snake:2  | Received a gift from Okawaru
 28526 | Snake:2  | Found a runed translucent gate.
 28526 | Snake:2  | Found a runed translucent gate.
 28526 | Snake:2  | Found a runed translucent gate.
 28526 | Snake:2  | Noticed slayr's ghost (journeyman DESu)
 28616 | Snake:2  | Lost mutation: You are agile. (Dex +2) [a neqoxec]
 28618 | Snake:2  | Lost mutation: You are dopey. (Int -2) [a neqoxec]
 28736 | Snake:2  | Killed slayr's ghost
 28924 | Snake:3  | Noticed Aizul
 28936 | Snake:3  | Killed Aizul
 29233 | Snake:3  | Noticed Vashnia
 29248 | Snake:3  | Killed Vashnia
 29248 | Snake:3  | Received a gift from Okawaru
 29567 | Snake:3  | Received a gift from Okawaru
 29797 | Snake:4  | Entered Level 4 of the Snake Pit
 31099 | Snake:4  | Gained mutation: Your movements are less encumbered by
                  | armour. (ER -4) [demonic ancestry]
 31099 | Snake:4  | Reached XP level 19. HP: 152/152 MP: 26/26
 31106 | Snake:4  | Received a gift from Okawaru
 31132 | Snake:4  | Reached skill level 15 in Shields
 31179 | Snake:4  | Got a serpentine rune of Zot
 32056 | Depths:1 | Entered Level 1 of the Depths
 32143 | Depths:1 | Noticed Saint Roka
 32164 | Depths:1 | Killed Saint Roka
 32587 | Depths:1 | Found a gateway to Hell.
 32716 | Depths:1 | Found a runed translucent door.
 32782 | Depths:1 | Found a one-way gate to the infinite horrors of the Abyss.
 32800 | Depths:1 | Voluntarily entered the Abyss.
 33039 | Abyss:1  | Noticed a bone dragon
 33075 | Abyss:1  | Killed a bone dragon
 33076 | Abyss:1  | Gained mutation: Your body sometimes deteriorates upon
                  | taking damage. [a neqoxec]
 33136 | Abyss:1  | Received a gift from Okawaru
 33145 | Abyss:1  | Noticed a lich
 33159 | Abyss:1  | Killed a lich
 33161 | Abyss:1  | Gained mutation: Your magical capacity is low. (-10% MP) [a
                  | cacodemon]
 33167 | Abyss:1  | Gained mutation: Your magical capacity is very low. (-20%
                  | MP) [a neqoxec]
 33241 | Abyss:1  | Reached skill level 15 in Fighting
 33424 | Abyss:2  | Paralysed by you for 4 turns
 33436 | Abyss:2  | Gained mutation: Your spells are a little easier to cast,
                  | but a little less powerful. [a neqoxec]
 33539 | Abyss:2  | Gained mutation: A powerful demonic guardian rushes to your
                  | aid. [demonic ancestry]
 33539 | Abyss:2  | Reached XP level 20. HP: 146/161 MP: 22/22
 33599 | Abyss:2  | Gained mutation: Potions are less effective at restoring
                  | your health. [a neqoxec]
 33649 | Abyss:2  | Gained mutation: Potions are poor at restoring your health.
                  | [a cacodemon]
 33651 | Abyss:2  | Gained mutation: Potions cannot restore your health. [a
                  | cacodemon]
 33731 | Abyss:2  | Gained mutation: Your spells are easier to cast, but less
                  | powerful. [a neqoxec]
 33746 | Abyss:2  | Received a gift from Okawaru
 33761 | Abyss:2  | Paralysed by accursed screaming for 1 turns
 33777 | Abyss:2  | HP: 5/178 [starcursed mass/accursed screaming (5)]
 33791 | Abyss:3  | Found a corrupted altar of Lugonu.
 33797 | Abyss:3  | Killed from afar by a starcursed mass

Skill      XL: |  1  2  3  4  5  6  7  8  9 10 11 12 13 14 15 16 17 18 19 20 |
---------------+-------------------------------------------------------------+-----
Dodging        | 3 4 5 6 8 10 11 12 13 | 13.1
Long Blades    | 3 4 5 6 9 11 13 14 | 14.0
Armour         | 1 2 3 4 5 6 8 13 15 16 17 | 17.9
Fighting       | 3 4 5 6 8 11 14 15 | 15.4
Invocations    | 5 8 |  8.0
Shields        | 4 6 8 10 14 16 | 16.0
Spellcasting   | 5 |  5.2
Necromancy     | 4 7 |  7.0
Evocations     | 2 |  2.0
Throwing       | |  1.7

Action                   |  1- 3 |  4- 6 |  7- 9 | 10-12 | 13-15 | 16-18 | 19-21 || total
-------------------------+-------+-------+-------+-------+-------+-------+-------++-------
Melee: Long sword        |    53 |   114 |   184 |       |       |   750 |   669 ||  1770
       Headbutt          |       |    15 |    57 |   104 |   373 |   441 |   266 ||  1256
       Scimitar          |       |       |    75 |   156 |       |       |       ||   231
       Demon blade       |       |       |       |   215 |  1041 |   628 |       ||  1884
Invok: Heroism           |       |       |     2 |     2 |     6 |     8 |     6 ||    24
       Finesse           |       |       |       |     1 |     4 |     8 |     2 ||    15
Evoke: Wand              |       |       |       |     7 |     2 |       |     4 ||    13
       Phantom mirror    |       |       |       |       |       |     1 |       ||     1
  Use: Scroll            |       |     3 |     4 |    10 |    10 |    21 |     4 ||    52
       Potion            |       |       |     2 |       |     3 |     4 |     4 ||    13
 Stab: Distracted        |       |       |     2 |     2 |     7 |     8 |     6 ||    25
       Paralysed         |       |       |       |     1 |       |       |       ||     1
       Confused          |       |       |       |       |       |       |     1 ||     1
  Eat: Chunk             |       |     5 |    14 |    22 |    21 |    15 |     2 ||    79
       Ration            |       |       |       |       |     2 |     5 |     2 ||     9
Armor: Ring mail         |    17 |    22 |       |       |       |       |       ||    39
       Chain mail        |       |    38 |    48 |       |       |       |       ||    86
       Plate armour      |       |       |    61 |    86 |       |       |       ||   147
       Crystal plate arm |       |       |       |    55 |   399 |   340 |   142 ||   936
Dodge: Dodged            |    39 |    70 |    98 |   206 |   631 |   345 |   178 ||  1567
Block: Buckler           |       |       |    20 |    74 |   231 |    21 |       ||   346
       Shield            |       |       |       |       |       |  1409 |   813 ||  2222
       Rpst.: Long sword |    12 |    18 |    20 |       |       |    26 |    30 ||   106
       Scimitar          |       |       |     9 |    19 |       |       |       ||    28
       Demon blade       |       |       |       |    27 |   147 |    28 |       ||   202
